IL
LOUISVILLE BATS @ EL PASO CHIHUAHUAS
04/01/2044
 
TOP OF THE 1ST
Louisville Bats batting - Pitching for El Paso Chihuahuas : LHP Yuri Thra
Pitching: LHP Yuri Thra
Batting: LHB Ryan Braden 0-0: Swinging Strike
0-1: Foul Ball, location: 2F
0-2: Ball
1-2: Ball
2-2: Strikes out looking
Batting: RHB Danny Real 0-0: Called Strike
0-1: Ball
1-1: Ball
2-1: Foul Ball, location: 2F
2-2: Fly out, F8 (Flyball, 78D, EV 72.5 MPH)
Batting: LHB Randy Racine 0-0: Ball
1-0: Ball
2-0: Called Strike
2-1: Called Strike
2-2: Foul Ball, location: 2F
2-2: Foul Ball, location: 2F
2-2: Ball
3-2: Base on Balls
Batting: SHB Freddie Farrar 0-0: Ball
1-0: Fly out, F8 (Flyball, 8LXD, EV 98.8 MPH)
Top of the 1st over - 0 runs, 0 hits, 0 errors, 1 left on base; Louisville 0 - El Paso 0
BOTTOM OF THE 1ST
El Paso Chihuahuas batting - Pitching for Louisville Bats : RHP Apostolos Tsatsos
Pitching: RHP Apostolos Tsatsos
Batting: RHB Itsuo Yoshioka 0-0: Swinging Strike
0-1: Swinging Strike
0-2: Ball
1-2: Ball
2-2: Ball
3-2: Base on Balls
Batting: RHB Rudolf Gommers 0-0: Ball
1-0: Ball
2-0: Called Strike
2-1: Called Strike
2-2: Strikes out looking
Batting: LHB Conrad Taylor 0-0: Called Strike
0-1: SINGLE (Line Drive, 4D, EV 95.6 MPH)
Itsuo Yoshioka to second
Batting: RHB Matthew Starr 0-0: Ball
1-0: DOUBLE (Line Drive, 89D, EV 111.9 MPH)
Itsuo Yoshioka scores
Conrad Taylor to third
Runner from 3rd tries for Home, SAFE, throw by CF to home
Batting: LHB Ryan Flynn Jr. 0-0: Ball
1-0: Ground out 6-3 (Groundball, 56, EV 103.8 MPH)
Batting: RHB Rodolfo Rivera 0-0: Swinging Strike
0-1: Ball
1-1: Ball
2-1: Ground out 5-3 (Groundball, 56, EV 100.0 MPH)
Bottom of the 1st over - 2 runs, 2 hits, 0 errors, 1 left on base; Louisville 0 - El Paso 2
TOP OF THE 2ND
Louisville Bats batting - Pitching for El Paso Chihuahuas : LHP Yuri Thra
Batting: SHB Tim Utz 0-0: Ball
1-0: Swinging Strike
1-1: Ball
2-1: Ball
3-1: Called Strike
3-2: Strikes out swinging
Batting: RHB Chris Zamora 0-0: Swinging Strike
0-1: Foul Ball, location: 2F
0-2: Ball
1-2: Strikes out looking
Batting: SHB Paul Sandoval 0-0: Called Strike
0-1: Foul Ball, location: 2F
0-2: Ball
1-2: Foul Ball, location: 2F
1-2: Foul Ball, location: 2F
1-2: Strikes out swinging
Top of the 2nd over - 0 runs, 0 hits, 0 errors, 0 left on base; Louisville 0 - El Paso 2
BOTTOM OF THE 2ND
El Paso Chihuahuas batting - Pitching for Louisville Bats : RHP Apostolos Tsatsos
Batting: SHB Chris Haugen 0-0: Called Strike
0-1: Ball
1-1: Foul Ball, location: 2F
1-2: Ball
2-2: Strikes out swinging
Batting: SHB Steve Killion 0-0: Called Strike
0-1: Ball
1-1: Ball
2-1: Fly out, F7 (Flyball, 7S, EV 86.3 MPH)
Batting: LHB Helmut Steggall 0-0: Ground out U3 (Groundball, 3L, EV 90.0 MPH)
Bottom of the 2nd over - 0 runs, 0 hits, 0 errors, 0 left on base; Louisville 0 - El Paso 2
TOP OF THE 3RD
Louisville Bats batting - Pitching for El Paso Chihuahuas : LHP Yuri Thra
Batting: RHB Estanislau Gosendes 0-0: Called Strike
0-1: Ball
1-1: Ball
2-1: Foul Ball, location: 2F
2-2: Ball
3-2: Strikes out swinging
Batting: RHB Yasusaburo Kuwahara 0-0: Called Strike
0-1: Called Strike
0-2: Ball
1-2: Strikes out swinging
Batting: LHB Ryan Braden 0-0: Ball
1-0: Ball
2-0: Ball
3-0: Called Strike
3-1: Base on Balls
Batting: RHB Danny Real 0-0: Ball
1-0: Called Strike
1-1: Ball
2-1: SINGLE (Groundball, 6MD, EV 108.8 MPH)
Ryan Braden to second
Runner from 2nd tries for 3rd, SAFE, throw by CF made at trailing runner, OUT! 8-4
Top of the 3rd over - 0 runs, 1 hit, 0 errors, 1 left on base; Louisville 0 - El Paso 2
BOTTOM OF THE 3RD
El Paso Chihuahuas batting - Pitching for Louisville Bats : RHP Apostolos Tsatsos
Batting: RHB Itsuo Yoshioka 0-0: Ball
1-0: SINGLE (Line Drive, 8LS, EV 97.5 MPH)
Batting: RHB Rudolf Gommers 0-0: Ball
1-0: Called Strike
1-1: Ball
2-1: Swinging Strike
2-2: Foul Ball, location: 2F
2-2: Fly out, F7 (Flyball, 7LM, EV 96.3 MPH)
Batting: LHB Conrad Taylor 0-0: Called Strike
0-1: Ball
1-1: Ball
2-1: Ball
3-1: Called Strike
3-2: Foul Ball, location: 2F
3-2: Foul Ball, location: 2F
3-2: Base on Balls
Itsuo Yoshioka to second
Batting: RHB Matthew Starr 0-0: Ball
Wild Pitch!
Itsuo Yoshioka to third
Conrad Taylor to second
1-0: Ball
2-0: Ball
3-0: Called Strike
3-1: Foul Ball, location: 2F
3-2: Base on Balls
Batting: LHB Ryan Flynn Jr. 0-0: Ball
1-0: Swinging Strike
1-1: Ball
2-1: Swinging Strike
2-2: Ball
3-2: Base on Balls
Itsuo Yoshioka scores
Conrad Taylor to third
Matthew Starr to second
Batting: RHB Rodolfo Rivera 0-0: Ball
1-0: Ball
2-0: Ball
3-0: Base on Balls
Conrad Taylor scores
Matthew Starr to third
Ryan Flynn Jr. to second
Batting: SHB Chris Haugen 0-0: Ball
1-0: GRAND SLAM HOME RUN (Line Drive, 89XD, EV 108.8 MPH), Distance : 429 ft
Pitching: RHP Tyrese Barnett
Batting: SHB Steve Killion 0-0: Ball
1-0: Ball
2-0: Ball
3-0: Base on Balls
Batting: LHB Helmut Steggall 0-0: Ball
1-0: Ball
2-0: Swinging Strike
2-1: SINGLE (Groundball, 4S, EV 70.0 MPH) (infield hit)
Steve Killion to second
Batting: RHB Itsuo Yoshioka 0-0: Foul Ball, location: 2F
0-1: Ball
1-1: Swinging Strike
1-2: Ball
2-2: Ball
3-2: Fly out, F9 (Flyball, 89D, EV 97.5 MPH)
Runner from 2nd tags up, SAFE at 3rd, no throw by RF
Batting: RHB Rudolf Gommers 0-0: Called Strike
0-1: Swinging Strike
0-2: Strikes out swinging
Bottom of the 3rd over - 6 runs, 3 hits, 0 errors, 2 left on base; Louisville 0 - El Paso 8
TOP OF THE 4TH
Louisville Bats batting - Pitching for El Paso Chihuahuas : LHP Yuri Thra
Batting: LHB Randy Racine 0-0: Fly out, F7 (Flyball, 7LM, EV 95.0 MPH)
Batting: SHB Freddie Farrar 0-0: Called Strike
0-1: Ball
1-1: SOLO HOME RUN (Flyball, 7D, EV 102.5 MPH), Distance : 396 ft
Batting: SHB Tim Utz 0-0: Foul Ball, location: 2F
0-1: Swinging Strike
0-2: DOUBLE (Flyball, 8RXD, EV 104.4 MPH)
Batting: RHB Chris Zamora 0-0: Called Strike
0-1: Called Strike
0-2: Strikes out swinging
Batting: SHB Paul Sandoval 0-0: Ball
1-0: Swinging Strike
1-1: Ball
2-1: Ball
3-1: Fly out, F9 (Flyball, 9, EV 95.6 MPH)
Top of the 4th over - 1 run, 2 hits, 0 errors, 1 left on base; Louisville 1 - El Paso 8
BOTTOM OF THE 4TH
El Paso Chihuahuas batting - Pitching for Louisville Bats : RHP Tyrese Barnett
Batting: LHB Conrad Taylor 0-0: Called Strike
0-1: Ball
1-1: Ball
2-1: Foul Ball, location: 2F
2-2: Ball
3-2: Foul Ball, location: 2F
3-2: Fly out, F8 (Line Drive, 8RD, EV 87.5 MPH)
Batting: RHB Matthew Starr 0-0: Called Strike
0-1: Ball
1-1: Ball
2-1: Ball
3-1: Ground out 5-3 (Groundball, 5, EV 87.5 MPH)
Batting: LHB Ryan Flynn Jr. 0-0: Ball
1-0: Called Strike
1-1: Foul Ball, location: 2F
1-2: Ball
2-2: Foul Ball, location: 2F
2-2: SINGLE (Line Drive, 7LM, EV 103.8 MPH)
Batting: RHB Rodolfo Rivera 0-0: Ball
1-0: Called Strike
1-1: Hit by Pitch
Ryan Flynn Jr. to second
Batting: SHB Chris Haugen 0-0: Called Strike
0-1: Ball
1-1: Ball
2-1: Foul Ball, location: 2F
2-2: Ball
3-2: Base on Balls
Ryan Flynn Jr. to third
Rodolfo Rivera to second
Batting: SHB Steve Killion 0-0: Swinging Strike
0-1: Ball
1-1: SINGLE (Line Drive, 89S, EV 88.8 MPH)
Ryan Flynn Jr. scores
Rodolfo Rivera to third
Chris Haugen to second
Runner from 3rd tries for Home, SAFE, throw by RF to home
Batting: LHB Helmut Steggall 0-0: Ground out 6-3 (Groundball, 6MS, EV 68.1 MPH)
Bottom of the 4th over - 2 runs, 2 hits, 0 errors, 2 left on base; Louisville 1 - El Paso 10
TOP OF THE 5TH
Louisville Bats batting - Pitching for El Paso Chihuahuas : LHP Yuri Thra
Batting: RHB Estanislau Gosendes 0-0: Ball
1-0: Foul Ball, location: 2F
1-1: Ball
2-1: Ground out 4-3 (Groundball, 34, EV 90.0 MPH)
Batting: RHB Yasusaburo Kuwahara 0-0: Ball
1-0: Fly out, F8 (Flyball, 8RD, EV 88.8 MPH)
Batting: LHB Ryan Braden 0-0: Ball
1-0: SINGLE (Flyball, 7S, EV 92.5 MPH)
Batting: RHB Danny Real 0-0: Called Strike
0-1: Called Strike
0-2: Foul Ball, location: 2F
0-2: Ball
1-2: Ball
2-2: Fielders Choice at 2nd, 5-4 (Groundball, 56, EV 89.4 MPH)
Top of the 5th over - 0 runs, 1 hit, 0 errors, 1 left on base; Louisville 1 - El Paso 10
BOTTOM OF THE 5TH
El Paso Chihuahuas batting - Pitching for Louisville Bats : RHP Tyrese Barnett
Batting: RHB Itsuo Yoshioka 0-0: Ball
1-0: Ground out 6-3 (Groundball, 6, EV 80.6 MPH)
Batting: RHB Rudolf Gommers 0-0: Swinging Strike
0-1: Ground out U3 (Groundball, 3L, EV 79.4 MPH)
Batting: LHB Conrad Taylor 0-0: Called Strike
0-1: Ground out 3-1 (Groundball, 34, EV 88.8 MPH)
Bottom of the 5th over - 0 runs, 0 hits, 0 errors, 0 left on base; Louisville 1 - El Paso 10
TOP OF THE 6TH
Louisville Bats batting - Pitching for El Paso Chihuahuas : LHP Yuri Thra
Batting: LHB Randy Racine 0-0: Ball
1-0: SINGLE (Groundball, 56D, EV 97.5 MPH)
Batting: SHB Freddie Farrar 0-0: Ball
Randy Racine steals 2nd base (no throw)
1-0: Fly out, F9 (Flyball, 89S, EV 94.4 MPH)
Batting: SHB Tim Utz 0-0: Ball
1-0: Ground out 6-3 (Groundball, 6D, EV 106.9 MPH)
Batting: RHB Chris Zamora 0-0: Called Strike
0-1: Ground out 1-3 (Groundball, 34S, EV 68.1 MPH)
Top of the 6th over - 0 runs, 1 hit, 0 errors, 1 left on base; Louisville 1 - El Paso 10
BOTTOM OF THE 6TH
El Paso Chihuahuas batting - Pitching for Louisville Bats : RHP Tyrese Barnett
Batting: RHB Matthew Starr 0-0: Ball
1-0: Foul Ball, location: 2F
1-1: Called Strike
1-2: Ball
2-2: Ball
3-2: Strikes out swinging
Batting: LHB Ryan Flynn Jr. 0-0: Ball
1-0: Foul Ball, location: 2F
1-1: Ball
2-1: DOUBLE (Line Drive, 7LS, EV 103.1 MPH)
Pitching: LHP Jeff Wall
Batting: RHB Rodolfo Rivera 0-0: Ball
Passed Ball!
Ryan Flynn Jr. to third
1-0: Ball
2-0: Ball
3-0: Called Strike
3-1: SINGLE (Groundball, 4, EV 106.3 MPH)
Ryan Flynn Jr. scores
Batting: SHB Chris Haugen 0-0: Ball
1-0: Foul Ball, location: 2F
1-1: Foul Ball, location: 2F
1-2: Ball
2-2: SINGLE (Line Drive, 8RS, EV 106.9 MPH)
Rodolfo Rivera to second
Batting: SHB Steve Killion 0-0: Ball
1-0: Called Strike
1-1: Ball
2-1: Foul Ball, location: 2F
2-2: Ball
3-2: SINGLE (Groundball, 34D, EV 103.8 MPH)
Rodolfo Rivera to third
Chris Haugen to second
Batting: LHB Helmut Steggall 0-0: Foul Ball, location: 2F
0-1: Ball
1-1: Ball
2-1: Foul Ball, location: 2F
2-2: Ball
3-2: Fly out, F5 (Popup, 5SF, EV 73.8 MPH)
Batting: RHB Itsuo Yoshioka 0-0: Ball
1-0: Foul Ball, location: 2F
1-1: Ball
2-1: Ball
3-1: Base on Balls
Rodolfo Rivera scores
Chris Haugen to third
Steve Killion to second
Batting: RHB Rudolf Gommers 0-0: Called Strike
0-1: Called Strike
0-2: Ball
1-2: Foul Ball, location: 2F
1-2: Ball
2-2: Ball
3-2: Base on Balls
Chris Haugen scores
Steve Killion to third
Itsuo Yoshioka to second
Batting: LHB Conrad Taylor 0-0: Ball
1-0: Foul Ball, location: 2F
1-1: Ball
2-1: Ball
3-1: SINGLE (Groundball, 34D, EV 95.0 MPH)
Steve Killion scores
Itsuo Yoshioka to third
Rudolf Gommers to second
Runner from 3rd tries for Home, SAFE, throw by RF to home
Pitching: LHP Zach Masengill
Batting: RHB Matthew Starr 0-0: Ball
1-0: Ball
2-0: Fly out, F8 (Flyball, 8LM, EV 88.8 MPH)
Bottom of the 6th over - 5 runs, 5 hits, 0 errors, 2 left on base; Louisville 1 - El Paso 15
TOP OF THE 7TH
Louisville Bats batting - Pitching for El Paso Chihuahuas : LHP Yuri Thra
Batting: SHB Paul Sandoval 0-0: Ball
1-0: Ground out 4-3 (Groundball, 4S, EV 83.8 MPH)
Batting: RHB Estanislau Gosendes 0-0: Ball
1-0: Ball
2-0: Called Strike
2-1: Ball
3-1: Base on Balls
Pitching: RHP David Deon
Batting: RHB Yasusaburo Kuwahara 0-0: Called Strike
0-1: Called Strike
0-2: Foul Ball, location: 2F
0-2: Ball
1-2: Ball
2-2: Strikes out swinging
Pinch Hitting: RHB Gerald de Vries 0-0: SINGLE (Groundball, 6MD, EV 106.9 MPH)
Estanislau Gosendes to second
Batting: RHB Danny Real 0-0: Fly out, F4 (Popup, 4S, EV 75.0 MPH)
Top of the 7th over - 0 runs, 1 hit, 0 errors, 2 left on base; Louisville 1 - El Paso 15
BOTTOM OF THE 7TH
El Paso Chihuahuas batting - Pitching for Louisville Bats : LHP Zach Masengill
Now in LF: Gerald de Vries
Now in RF: Randy Racine
Pinch Hitting: RHB Ryan Flynn 0-0: Ball
1-0: Ball
2-0: Ball
3-0: Base on Balls
Batting: RHB Rodolfo Rivera 0-0: Fielders Choice at 2nd, 5-4 (Groundball, 5, EV 77.5 MPH)
Batting: SHB Chris Haugen 0-0: Foul Ball, location: 2F
0-1: SINGLE (Groundball, 6D, EV 105.6 MPH)
Rodolfo Rivera to second
Pinch Hitting: RHB Nate Burkhalter 0-0: Foul Ball, location: 2F
0-1: Called Strike
0-2: Strikes out swinging
Batting: LHB Helmut Steggall 0-0: Called Strike
0-1: Ball
1-1: Called Strike
1-2: Ball
2-2: Ball
3-2: Ground out 6-3 (Groundball, 6D, EV 96.9 MPH)
Bottom of the 7th over - 0 runs, 1 hit, 0 errors, 2 left on base; Louisville 1 - El Paso 15
TOP OF THE 8TH
Louisville Bats batting - Pitching for El Paso Chihuahuas : RHP David Deon
Now at 3B: Nate Burkhalter
Now in CF: Ryan Flynn
Batting: LHB Randy Racine 0-0: Called Strike
0-1: Ball
1-1: Foul Ball, location: 2F
1-2: Ball
2-2: Foul Ball, location: 2F
2-2: Ball
3-2: Base on Balls
Batting: SHB Freddie Farrar 0-0: Called Strike
0-1: Fielders Choice at 2nd, 4-6 (Groundball, 4M, EV 90.0 MPH)
Batting: SHB Tim Utz 0-0: Swinging Strike
0-1: Called Strike
0-2: Ball
1-2: Fielders Choice at 2nd, 5-4 (Groundball, 56, EV 78.1 MPH)
Batting: RHB Chris Zamora 0-0: Ball
1-0: Called Strike
1-1: Ball
2-1: Ball
3-1: Foul Ball, location: 2F
3-2: Base on Balls
Tim Utz to second
Batting: SHB Paul Sandoval 0-0: Ball
1-0: Ball
2-0: Called Strike
2-1: SINGLE (Groundball, 25, EV 71.9 MPH) (infield hit)
Tim Utz to third
Chris Zamora to second
Batting: RHB Estanislau Gosendes 0-0: Ground out 4-3 (Groundball, 4, EV 98.8 MPH)
Top of the 8th over - 0 runs, 1 hit, 0 errors, 3 left on base; Louisville 1 - El Paso 15
BOTTOM OF THE 8TH
El Paso Chihuahuas batting - Pitching for Louisville Bats : LHP Zach Masengill
Now at 3B: Chase Briney
Now in RF: Estanislau Gosendes
Batting: RHB Itsuo Yoshioka 0-0: Ball
1-0: Ball
2-0: Foul Ball, location: 2F
2-1: Ball
3-1: Base on Balls
Batting: RHB Rudolf Gommers 0-0: Called Strike
0-1: Ball
1-1: Foul Ball, location: 2F
1-2: Fielders Choice at 2nd, 3-6 (Groundball, 3, EV 95.0 MPH)
Batting: LHB Conrad Taylor 0-0: Foul Ball, location: 2F
0-1: Called Strike
0-2: Ball
1-2: Ball
2-2: Foul Ball, location: 2F
2-2: Foul Ball, location: 2F
2-2: Grounds into double play, 3-6-3 (Groundball, 34, EV 91.3 MPH)
Bottom of the 8th over - 0 runs, 0 hits, 0 errors, 0 left on base; Louisville 1 - El Paso 15
TOP OF THE 9TH
Louisville Bats batting - Pitching for El Paso Chihuahuas : RHP David Deon
Batting: RHB Yasusaburo Kuwahara 0-0: Ball
1-0: Swinging Strike
1-1: Called Strike
1-2: Strikes out looking
Batting: RHB Gerald de Vries 0-0: Ball
1-0: Foul Ball, location: 2F
1-1: Ball
2-1: Foul Ball, location: 2F
2-2: Ground out 5-3 (Groundball, 5, EV 81.3 MPH)
Batting: RHB Danny Real 0-0: Foul Ball, location: 2F
0-1: Ball
1-1: Ball
2-1: Ball
3-1: Swinging Strike
3-2: Foul Ball, location: 2F
3-2: Foul Ball, location: 2F
3-2: Strikes out swinging
Top of the 9th over - 0 runs, 0 hits, 0 errors, 0 left on base; Louisville 1 - El Paso 15
Thursday, March 31st , 2022 - OOTP Baseball 22.12 Build 89